 Dungeon Crawl Stone Soup version 0.31.0-11-ge490571c62 (webtiles) character file.

Game seed: 9589082798037395090

15 qw the Shooter (level 2, -4/16 HPs)
             Began as a Deep Elf Hunter on Feb 4, 2024.
             Killed from afar by Sigmund (5 damage)
             ... with a puff of flame
             ... on level 2 of the Dungeon.
             The game lasted 00:00:02 (575 turns).

qw the Shooter (Deep Elf Hunter)                     Turns: 575, Time: 00:00:02

Health: -4/16      AC:  3    Str:  8    XL:     2   Next: 34%
Magic:  4/4        EV: 12    Int: 13    God:
Gold:   21         SH:  0    Dex: 18    Spells: 1/1 levels left

rFire   . . .        a - +0 shortbow (freeze)
rCold   . . .        (shield currently unavailable)
rNeg    . . .        c - +0 leather armour
rPois   .            (no helmet)
rElec   .            (no cloak)
rCorr   .            (no gloves)
SInv    .            (no boots)
Will    .....        (no amulet)
Stlth   ++           (no ring)
HPRegen 0.22/turn    (no ring)
MPRegen 0.09/turn

%: no passive effects
@: hasted, very quick
A: no striking features
a: no special abilities


You were on level 2 of the Dungeon.
You visited 1 branch of the dungeon, and saw 2 of its levels.

You collected 57 gold pieces.
You spent 36 gold pieces at shops.


   Skills:
 - Level 1.5 Fighting
 + Level 6.2 Ranged Weapons
 - Level 2.4 Dodging
 - Level 1.2 Stealth


You had one spell level left.
You didn't know any spells.
Your spell library was empty.

Inventory:

Hand Weapons
 a - a +0 shortbow of freezing (weapon)
Armour
 c - a +0 leather armour (worn)
Potions
 b - a potion of magic {unknown}
 g - a potion of degeneration {unknown}
 h - a potion of lignification {unknown}
 k - a potion of berserk rage {unknown}
 l - a potion of resistance {unknown}

Dungeon Overview and Level Annotations

Branches:
Dungeon (2/15)

Altars:

Shops:
D:1 *

Annotations:
D:2 Sigmund


Message History

558 ||| DRINKING potion of curing.
You feel better.
558 ||| (to cure confusion)
You shoot an arrow. The arrow completely misses Sigmund.
Sigmund misses you.
You shoot an arrow.
The arrow hits Sigmund but does no damage.
Sigmund is heavily wounded.
You shoot an arrow. The arrow hits Sigmund.
The arrow freezes Sigmund.
Sigmund is heavily wounded.
Sigmund is suddenly surrounded by pale red light.
Sigmund hits you but does no damage.
You shoot an arrow. The arrow completely misses Sigmund.
You shoot an arrow. The arrow hits Sigmund.
The arrow freezes Sigmund.
Sigmund is severely wounded.
Sigmund misses you.
You shoot an arrow. The arrow closely misses Sigmund.
You shoot an arrow. The arrow barely misses Sigmund.
Sigmund gestures at you while chanting.
You are confused.
Sigmund hits you but does no damage.
Sigmund mumbles some strange words.
Sigmund flickers and vanishes!
Deactivating autopickup; reactivate with Ctrl-A.
You shoot an arrow. You shoot an arrow.
A magic dart appears from out of thin air!
The magic dart hits you.
You shoot an arrow. Something hits you!
Ouch! That really hurt!
You shoot an arrow. You shoot an arrow. Something hits you.
You shoot an arrow.
You feel less confused.
You shoot an arrow.
You hear some strange, mumbled words.
A puff of flame appears from out of thin air!
The puff of flame hits you.
You die...

### #### #.######.
##.. #.).....) ...
###.#####.######.#
#.@.....)........##
#.#.#####.....##...
#{#.#########....##
#.#.##.....[.....?.
#.#.##.###########.
#.#........... .
#.####.#...... #.
#%#...... #.# .....


There were no monsters in sight!

Vanquished Creatures
  A dart slug (D:1)
  An endoplasm (D:1)
  2 goblins
  2 hobgoblins (D:1)
  A quokka (D:2)
  2 ball pythons (D:1)
  A bat (D:1)
  A frilled lizard (D:1)
  A kobold (D:1)
  A rat (D:1)
13 creatures vanquished.

Notes
Turn   | Place    | Note
-------+----------+-------------------------------------------
     0 | D:1      | qw the Deep Elf Hunter began the quest for the Orb.
     0 | D:1      | Reached XP level 1. HP: 12/12 MP: 3/3
     0 | D:1      | 0 ||| qw: Version: 0.3-a-160-g6735b56
     0 | D:1      | 0 ||| qw: Game counter: 4635
     0 | D:1      | 0 ||| qw: Melee chars always use a shield: true
     0 | D:1      | 0 ||| qw: God list: Okawaru
     0 | D:1      | 0 ||| qw: Allow faded altars: false
     0 | D:1      | 0 ||| qw: Do Orc after clearing Dungeon:15 true
     0 | D:1      | 0 ||| qw: Do second Lair branch before Depths: true
     0 | D:1      | 0 ||| qw: Lair rune preference: random
     0 | D:1      | 0 ||| qw: Goals: Normal
     0 | D:1      | 0 ||| PLANNING D:1-11
    99 | D:1      | Found Ypiaf Puyri's Assorted Antiques.
   163 | D:1      | Reached XP level 2. HP: 8/16 MP: 4/4
   205 | D:1      | 205 ||| BUYING bubbling dark potion (18 gold).
   205 | D:1      | Bought a bubbling dark potion for 18 gold pieces
   205 | D:1      | 205 ||| BUYING fizzy red potion (18 gold).
   205 | D:1      | Bought a fizzy red potion for 18 gold pieces
   205 | D:1      | 205 ||| SHOPLISTING glowing yellow potion (18 gold, have
                  | 2).
   205 | D:1      | 205 ||| SHOPLISTING scroll labelled YRGHUO YMMICIPT (20
                  | gold, have 2).
   205 | D:1      | 205 ||| SHOPLISTING tapered brass wand (80 gold, have 2).
   213 | D:1      | Reached skill level 6 in Ranged Weapons
   367 | D:1      | 367 ||| READING scroll labelled YRGHUO YMMICIPT.
   468 | D:1      | 468 ||| READING scroll labelled XAITOE NUENEP.
   469 | D:1      | 469 ||| READING scroll labelled RYURYF CORHIREFF.
   472 | D:1      | 472 ||| READING scroll labelled RUUQAODICO.
   472 | D:1      | 472 ||| BRANDING +0 shortbow.
   473 | D:1      | 473 ||| READING scroll labelled HIAXZY VOIVAE.
   473 | D:1      | 473 ||| IDENTIFYING fizzy clear potion
   474 | D:1      | 474 ||| DRINKING 2 fizzy green potions.
   475 | D:1      | 475 ||| DROPPING scroll of butterflies.
   549 | D:2      | Noticed Sigmund
   550 | D:2      | 550 ||| DRINKING potion of haste.
   551 | D:2      | HP: 2/16 [Sigmund/puff of flame (14)]
   558 | D:2      | 558 ||| DRINKING potion of curing.
   558 | D:2      | 558 ||| (to cure confusion)
   571 | D:2      | HP: 2/16 [something (10)]
   575 | D:2      | Killed from afar by Sigmund

Levels and vault maps discovered:
D:1:      sevenhm_arrival_forest_fort_small_3, layout_rooms, serial_shops,
          nicolae_shop_overgrown_old_shop
D:2:      layout_basic, hangedman_decor_clover_reticule,
          chequers_serial_rivers_small_a, uniq_crazy_yiuf_cottage, uniq_sigmund

Skill      XL: |  1  2 |
---------------+-------+-----
Ranged Weapons | 6 |  6.2
Fighting       | |  1.5
Dodging        | |  2.4
Stealth        | |  1.2

Action                     || total
---------------------------++-------
   Fire: Shortbow          ||    54
    Use: Scroll            ||     5
         Potion            ||     3
 Armour: Leather armour    ||    11
  Dodge: Dodged            ||     7

Table legend:
 A = Non-vault XP
 B = Vault XP
 C = Vault XP percentage of total XP
 D = Non-vault monster count
 E = Vault monster count
 F = Vault count percentage of total count
                 A         B        C        D         E       F
            +---------+---------+-------+---------+---------+-------
      Total |      22 |       0 |   0.0 |      13 |       0 |   0.0
            +---------+---------+-------+---------+---------+-------
        D:1 |      18 |       0 |   0.0 |      11 |       0 |   0.0
        D:2 |       4 |       0 |   0.0 |       2 |       0 |   0.0
            +---------+---------+-------+---------+---------+-------
